 Dungeon Crawl Stone Soup version 0.20-a0-941-gba1b1f9 (webtiles) character file.

3420 Gorglomux the Geomancer (level 10, -3/65 HPs)
             Began as a Barachi Earth Elementalist on Mar 31, 2017.
             Was a Priest of Vehumet.
             Slain by Paps's ghost (14 damage)
             ... in a bailey.
             The game lasted 00:31:25 (7136 turns).

Gorglomux the Geomancer (BaEE)                      Turns: 7136, Time: 00:31:25

Health: -3/65      AC:  7    Str: 14    XL:     10   Next: 5%
Magic:  2/28       EV: 13    Int: 19    God:    Vehumet [***...]
Gold:   429        SH:  0    Dex: 15    Spells: 12/22 levels left

rFire    + . .     SeeInvis .   b - +8 lance "Wyrmbane" {slay drac, rPois rF+ rC+ AC+3}
rCold    + . .     Gourm    .   (no shield)
rNeg     . . .     Faith    +   J - +0 leather armour
rPois    +         Spirit   .   (helmet restricted)
rElec    .         Reflect  .   q - +0 cloak
rCorr    .         Harm     .   (no gloves)
MR       .....     Rnd*Tele +   (no boots)
Stlth    ++........             C - amulet of faith
Regen    0.2/turn               U - ring of magical power
MPRegen  0.3/turn               t - ring of teleportation (curse)

@: mighty, can't hop, slow
A: +LOS, swims, horns 1, agile 1, slowness 1, sturdy frame 1, strong legs 1
a: Hop, Renounce Religion


You were in a bailey.
You worshipped Vehumet.
Vehumet was most pleased with you.
You were hungry.

You visited 2 branches of the dungeon, and saw 10 of its levels.
You also visited: Bailey.

You collected 429 gold pieces.

Inventory:

Hand Weapons
 a - the +4 falchion "Cedd" {drain, *Corrode +Fly rC++ Int+8}
   (You found it on level 4 of the Dungeon)

   A truly terrible weapon, it drains the life of those it strikes.
   It affects your intelligence (+8).
   It greatly protects you from cold.
   It lets you fly.
   It may corrode you when you take damage.
 b - the +8 lance "Wyrmbane" (weapon) {slay drac, rPois rF+ rC+ AC+3}
   (You found it on level 6 of the Dungeon)

   It affects your AC (+3).
   It protects you from fire.
   It protects you from cold.
   It protects you from poison.
 k - a +0 club
 o - a +0 dagger
 r - a +0 rapier
Missiles
 G - 239 stones (quivered)
 Z - 3 throwing nets
Armour
 c - a +0 robe
 q - a +0 cloak (worn)
 J - a +0 leather armour (worn)
Jewellery
 m - an uncursed ring of protection from magic
 t - a cursed ring of teleportation (right hand)
 y - a cursed amulet of inaccuracy {unknown}
 C - an amulet of faith (around neck)
 K - a cursed amulet of inaccuracy {unknown}
 U - a ring of magical power (left hand)
Wands
 L - a wand of lightning (6/15)
 P - a wand of paralysis (8/24)
 S - a wand of flame (7/48)
Scrolls
 g - 5 scrolls of recharging
 l - 2 scrolls of fear
 B - a scroll of blinking
 M - a scroll of magic mapping
 R - a scroll of identify
 T - 2 scrolls of teleportation
 W - 2 scrolls of amnesia
Potions
 i - a potion of mutation
 j - a potion of invisibility
 A - 2 potions of brilliance
 E - a potion of agility
 F - a potion of curing
 H - 2 potions of flight
 I - 3 potions of might
 N - a potion of cancellation
 O - 3 potions of haste
 V - a potion of resistance
Books
 e - a book of Geomancy

   Spells                             Type                      Level
   a - Sandblast                      Earth                        1
   b - Passwall                       Transmutation/Earth          2
   c - Stone Arrow                    Conjuration/Earth            3
   d - Petrify                        Transmutation/Earth          4
   e - Lee's Rapid Deconstruction     Earth                        5
 D - a book of Misfortune

   Spells                             Type                      Level
   a - Confusing Touch                Hexes                        1
   b - Confuse                        Hexes                        3
   c - Gell's Gravitas                Translocation                3
   d - Petrify                        Transmutation/Earth          4
   e - Metabolic Englaciation         Hexes/Ice                    5
   f - Yara's Violent Unravelling     Hexes/Transmutation          5
Comestibles
 d - 6 bread rations
 z - 2 meat rations
 Q - 2 royal jellies
 X - 11 chunks of flesh
 Y - 5 fruits


   Skills:
 + Level 1.3 Fighting
 + Level 0.8 Polearms
 + Level 1.3 Armour
 + Level 2.5 Dodging
 - Level 1.7 Stealth
 + Level 6.5 Spellcasting
 - Level 4.1 Conjurations
   Level 1.1 Transmutations
 - Level 1.5 Air Magic
 - Level 11.6 Earth Magic


You had 12 spell levels left.
You knew the following spells:

 Your Spells              Type           Power        Failure   Level  Hunger
a - Sandblast             Erth           ######       1%          1    None
b - Stone Arrow           Conj/Erth      #####.       1%          3    ##.....
c - Shock                 Conj/Air       ###.         1%          1    None
l - Lee's Rapid Deconstr  Erth           ######....   1%          5    #####..


Dungeon Overview and Level Annotations

Branches:
Dungeon (9/15)             Temple (1/1) D:7
   Lair: D:8-11         Orc: D:9-12

Altars:
Elyvilon
Hepliaklqana
Makhleb
Nemelex Xobeh
Sif Muna
Vehumet
Xom
The Shining One

Shops:
D:8 =

Annotations:
D:2 Sigmund Bailey Paps's ghost, novice MiFi


Innate Abilities, Weirdness & Mutations

Shadows flee at your approach. (+LOS)
You can swim through water.
You cover ground slowly.
You can hop short distances.
You have a pair of small horns on your head.
You are agile. (Dex +2)
Your movements are slightly less encumbered by armour. (ER -2)


Message History

You hit Paps's ghost.
Paps's ghost is almost destroyed.
Paps's ghost hits you.
* * * LOW HITPOINT WARNING * * *
You hit Paps's ghost.
Paps's ghost is almost destroyed.
Paps's ghost hits you.
* * * LOW HITPOINT WARNING * * *
You hit Paps's ghost but do no damage.
You headbutt Paps's ghost, but do no damage.
Paps's ghost is almost destroyed.
Paps's ghost closely misses you.
You hit Paps's ghost. Your headbutt misses Paps's ghost.
Paps's ghost is almost destroyed.
Paps's ghost hits you.
* * * LOW HITPOINT WARNING * * *
You barely miss Paps's ghost.
Paps's ghost is almost destroyed.
Paps's ghost hits you!
You die...

♣♣♣♣♣♣♣♣♣♣♣♣♣♣♣♣♣♣♣♣♣♣♣
♣♣≈≈≈≈≈≈≈≈≈W@≈≈≈≈≈≈≈≈≈≈♣♣
♣≈≈..)#############...≈≈♣♣
♣≈...## ###..≈.♣ ♣≈..##
#..≈.♣♣ ♣≈..# #..≈..♣
♣≈..# #..≈..♣ ♣≈..#
#..≈..♣♣ ♣≈..#
####..≈...♣♣ ♣≈...
...'.......♣


You could see Paps's ghost.

Vanquished Creatures
  A hippogriff (D:8)
  Grinder (D:6)
  Eustachio (D:6)
  Edmund (D:4)
  A black bear (D:8)
  2 ice beasts
  An orc warrior (D:6)
  2 sky beasts
  2 ogres
  A centaur (D:5)
  3 bullfrogs
  A big kobold (D:7)
  A scorpion (D:7)
  A wyvern skeleton (D:6)
  7 killer bees
  2 crimson imps
  A quasit (D:8)
  2 gnoll shamans
  4 hounds
  2 jellies
  2 orc priests
  A bullfrog skeleton (D:5)
  7 orc wizards
  3 iguanas
  Terence (D:2)
  Natasha (thrice) (D:4)
  10 worker ants
  A hound skeleton (D:5)
  Robin (D:4)
  6 adders
  6 gnolls (Bailey)
  A howler monkey skeleton (D:4)
  A shadow imp (D:5)
  3 oozes
  3 leopard geckos
  28 orcs
  6 giant cockroaches
  15 goblins
  10 hobgoblins
  14 jackals
  12 kobolds
  2 quokkas
  6 bats
  3 frilled lizards
  6 rats
188 creatures vanquished.

Notes
Turn   | Place    | Note
-------+----------+-------------------------------------------
     0 | D:1      | Gorglomux the Barachi Earth Elementalist began the quest for the Orb.
     0 | D:1      | Reached XP level 1. HP: 13/13 MP: 3/3
   170 | D:1      | Reached XP level 2. HP: 11/19 MP: 1/5
   494 | D:1      | Reached skill level 3 in Spellcasting
   871 | D:2      | Reached XP level 3. HP: 17/24 MP: 4/7
   883 | D:2      | Learned a level 3 spell: Stone Arrow
   885 | D:2      | Found a radiant altar of Vehumet.
   899 | D:2      | Became a worshipper of Vehumet
  1046 | D:2      | Noticed Sigmund
  1142 | D:2      | Noticed Terence
  1178 | D:2      | Gained mutation: You are agile. (Dex +2) [potion of mutation]
  1178 | D:2      | Gained mutation: You have a pair of small horns on your head. [potion of mutation]
  1178 | D:2      | Gained mutation: Your movements are slightly less encumbered by armour. (ER -2) [potion of mutation]
  1207 | D:2      | Killed Terence
  1207 | D:2      | Reached skill level 1 in Conjurations
  1207 | D:2      | Reached XP level 4. HP: 8/30 MP: 2/9
  1719 | D:3      | Found a glowing golden altar of the Shining One.
  1867 | D:3      | Reached skill level 4 in Earth Magic
  1867 | D:3      | Reached XP level 5. HP: 35/35 MP: 10/10
  1918 | D:3      | Reached * piety under Vehumet
  1918 | D:3      | Offered knowledge of Shock by Vehumet.
  1932 | D:3      | Learned a level 1 spell: Shock
  2110 | D:3      | Found a deep blue altar of Sif Muna.
  2119 | D:3      | Found a white marble altar of Elyvilon.
  2206 | D:3      | Noticed an ice beast
  2220 | D:3      | Killed an ice beast
  2220 | D:3      | Reached skill level 1 in Air Magic
  2220 | D:3      | Reached XP level 6. HP: 41/41 MP: 12/12
  2446 | D:4      | Noticed Natasha
  2451 | D:4      | Killed Natasha
  2466 | D:4      | Reached skill level 3 in Conjurations
  2504 | D:4      | Noticed Robin
  2520 | D:4      | Killed Robin
  3075 | D:4      | Got an ichor-stained falchion
  3076 | D:4      | Identified the +4 falchion "Cedd" {drain, *Corrode +Fly rC++ Int+8} (You found it on level 4 of the Dungeon)
  3133 | D:4      | Noticed Edmund
  3145 | D:4      | Killed Edmund
  3145 | D:4      | Reached skill level 5 in Earth Magic
  3145 | D:4      | Reached XP level 7. HP: 46/46 MP: 12/14
  3177 | D:4      | Noticed Natasha
  3187 | D:4      | Killed Natasha
  3210 | D:4      | Noticed Natasha
  3210 | D:4      | Killed Natasha
  3217 | D:4      | Learned a level 5 spell: Lee's Rapid Deconstruction
  3510 | D:5      | Entered Level 5 of the Dungeon
  3890 | D:5      | Reached skill level 6 in Earth Magic
  3890 | D:5      | Reached XP level 8. HP: 33/52 MP: 10/16
  3895 | D:5      | Reached skill level 6 in Spellcasting
  4281 | D:5      | Offered knowledge of Sting by Vehumet.
  4656 | D:6      | Reached skill level 7 in Earth Magic
  4657 | D:6      | Reached ** piety under Vehumet
  4852 | D:6      | Noticed Eustachio
  4854 | D:6      | Killed Eustachio
  4953 | D:6      | Found a hazy altar of Hepliaklqana.
  5073 | D:6      | Noticed Grinder
  5080 | D:6      | Learned a level 4 spell: Petrify
  5094 | D:6      | Killed Grinder
  5094 | D:6      | Reached skill level 8 in Earth Magic
  5160 | D:6      | Reached XP level 9. HP: 57/57 MP: 13/18
  5200 | D:6      | Reached skill level 9 in Earth Magic
  5519 | D:7      | Offered knowledge of Throw Frost by Vehumet.
  5520 | D:7      | Reached skill level 10 in Earth Magic
  5622 | D:7      | Reached *** piety under Vehumet
  5630 | D:7      | Found a staircase to the Ecumenical Temple.
  5972 | Temple   | Entered the Ecumenical Temple
  5988 | D:8      | Found Faofess's Jewellery Boutique.
  6091 | D:8      | Reached skill level 11 in Earth Magic
  6113 | D:8      | Offered knowledge of Force Lance by Vehumet.
  6885 | D:9      | Reached XP level 10. HP: 59/63 MP: 19/19
  6942 | D:9      | Found a flagged portal.
  6964 | Bailey   | Entered a bailey
  6972 | Bailey   | Reached skill level 1 in Fighting
  6980 | Bailey   | Reached skill level 1 in Armour
  7109 | Bailey   | Noticed Paps's ghost (novice MiFi)
  7136 | Bailey   | Slain by Paps's ghost

Vault maps used:
D:1:      onia_arrival_mini_spirals
D:2:      old_standard_altar, first_bread, serial_glass, glass_columns_b,
          glass_columns_a, minmay_misc_feat_secret_circle, uniq_terence,
          uniq_sigmund
D:3:      lemuel_round_altar, chequers_temple_overflow_statue_of_worship
D:4:      nicolae_overflow_hidden_temple, uniq_edmund, uniq_robin, uniq_natasha
D:6:      lemuel_doored_altar, uniq_eustachio, uniq_grinder
D:7:      minmay_temple_entry_steel_oval
D:8:      serial_shops, shop_fountains
D:9:      orc_0_dummy, enter_bailey_2
Temple:   compressed_dpeg_circular_temple
Bailey:   bailey_polearm_gnolls_kennysheep, bailey

Skill      XL: |  1  2  3  4  5  6  7  8  9 10 |
---------------+-------------------------------+-----
Spellcasting   | 3 4 5 6 |  6.5
Conjurations   | 1 2 3 4 |  4.1
Earth Magic    | 4 5 6 8 11 | 11.6
Air Magic      | 1 |  1.5
Fighting       | 1 |  1.3
Armour         | 1 |  1.3
Polearms       | |  0.8
Dodging        | |  2.5
Stealth        | |  1.7
Transmutations | |  1.1

Action                   |  1- 3 |  4- 6 |  7- 9 | 10-12 || total
-------------------------+-------+-------+-------+-------++-------
Melee: Unarmed           |    31 |       |       |       ||    31
       Club              |    28 |       |       |       ||    28
       Dagger            |    12 |       |       |       ||    12
       Rapier            |    28 |    47 |       |       ||    75
       Headbutt          |       |     5 |    13 |     2 ||    20
       Falchion          |       |     3 |    49 |       ||    52
       Lance             |       |       |    73 |    10 ||    83
Throw: Stone             |     1 |       |       |       ||     1
 Cast: Sandblast         |    51 |    10 |       |       ||    61
       Stone Arrow       |     1 |    21 |    54 |    12 ||    88
       Shock             |       |    33 |    62 |    18 ||   113
       Lee's Rapid Decon |       |       |    12 |     2 ||    14
       Petrify           |       |       |     2 |       ||     2
 Abil: Hop               |     1 |     2 |       |     1 ||     4
Evoke: Wand              |       |     5 |       |       ||     5
  Use: Scroll            |     3 |       |    13 |       ||    16
       Potion            |     3 |       |       |     1 ||     4
 Stab: Sleeping          |     3 |     1 |     3 |       ||     7
       Invisible         |     1 |       |       |       ||     1
       Petrified         |       |       |     5 |       ||     5
       Petrifying        |       |       |     2 |       ||     2
  Eat: Chunk             |     1 |     7 |    18 |     1 ||    27
       Royal jelly       |       |     1 |       |       ||     1
Armor: Robe              |    41 |    19 |     6 |       ||    66
       Leather armour    |       |       |    44 |     5 ||    49
Dodge: Dodged            |   110 |    78 |    98 |    12 ||   298
       Rpst.: Falchion   |       |     1 |    10 |       ||    11
